 Dungeon Sprint DCSS version 0.27-a0-797-g27d10ad80f (webtiles) character file.

Game seed: 1889827826948169739

9126 mhtbhm the Bludgeoner (level 11, -1/95 HPs)
             Began as a Formicid Fighter on Mar 27, 2021.
             Was a High Priest of Okawaru.
             Slain by a death yak (3 damage)
             ... in the Dungeon (Sprint IX: "|||||||||||||||||||||||||||||").
             The game lasted 00:02:23 (1352 turns).

mhtbhm the Bludgeoner (Formicid Fighter)            Turns: 1352, Time: 00:02:23

Health: -1/95      AC: 19    Str: 24    XL:     11   Next: 68%
Magic:  11/11      EV:  9    Int: 11    God:    Okawaru [*****.]
Gold:   0          SH: 14    Dex: 13    Spells: 10/10 levels left

rFire    . . .     SeeInvis +   a - +2 morningstar (vorpal)
rCold    . . .     Faith    .   c - +0 kite shield
rNeg     . . .     Spirit   .   b - +2 plate armour {rPois}
rPois    +         Reflect  .   (helmet unavailable)
rElec    .         Harm     .   k - +0 cloak
rCorr    .         Rampage  .   (no gloves)
Will     +....                  (no boots)
Stlth    ..........             (no amulet)
HPRegen  0.25/turn              l - +3 ring of dexterity
MPRegen  0.12/turn              m - +3 ring of intelligence

@: no status effects
A: permanent stasis, dig shafts and tunnels, antennae 3, four strong arms
a: Dig, Renounce Religion, Heroism, Finesse


You were in the Dungeon.
You worshipped Okawaru.
Okawaru was extremely pleased with you.
You visited 1 branch

Inventory:

Hand Weapons
 a - a +2 vorpal morningstar (weapon)
Armour
 b - a +2 plate armour of poison resistance (worn)
 c - a +0 kite shield (worn)
 k - a +0 cloak (worn)
Jewellery
 l - a +3 ring of dexterity (left hand)
 m - a +3 ring of intelligence (right hand)
Wands
 h - a wand of random effects (21)
 j - a wand of iceblast (10)
Scrolls
 i - 2 scrolls of amnesia
 n - a scroll of fear
 o - 3 scrolls of fog
Potions
 d - 3 potions of brilliance
 e - 3 potions of curing
 f - 5 potions of heal wounds
 g - 4 potions of magic


   Skills:
 + Level 11.8 Fighting
 + Level 16.0 Maces & Flails
 + Level 12.5 Armour
 + Level 5.5 Dodging
 + Level 7.7 Stealth
 + Level 15.8 Shields
 + Level 1.1 Invocations


You had 10 spell levels left.
You didn't know any spells.
Your spell library was empty.

Dungeon Overview and Level Annotations

Branches:
Dungeon (1/1)

Altars:
Cheibriados
Dithmenos
Elyvilon
Fedhas
Gozag
Hepliaklqana
Kikubaaqudgha
Makhleb
Nemelex Xobeh
Okawaru
Qazlal
Ru
Sif Muna
Trog
Uskayaw
Vehumet
Wu Jian
Xom
Yredelemnul
Zin
The Shining One
Beogh
Jiyva
Lugonu


Innate Abilities, Weirdness & Mutations

You cannot be hasted, slowed, berserked, paralysed or teleported.
You can dig through walls and to a lower floor.
You have a pair of large antennae on your head. (SInv)
Your four strong arms can wield two-handed weapons with a shield.


Message History

The death yak is severely wounded.
The death yak gores you but does no damage.
You barely miss the death yak.
The death yak is severely wounded.
You block the death yak's attack.
You puncture the death yak!
The death yak is almost dead.
You hit the death yak but do no damage.
The death yak is almost dead.
You block the death yak's attack.
You thump the death yak!
You kill the death yak!
Okawaru accepts your kill.
Your Maces & Flails skill increases to level 16!
You hit the death yak.
The death yak is lightly wounded.
The death yak gores you!
* * * LOW HITPOINT WARNING * * *
You feel better. The death yak misses you.
You sock the death yak!
The death yak is moderately wounded.
The death yak gores you but does no damage.
You hit the death yak.
The death yak is moderately wounded.
You barely miss the death yak.
The death yak is moderately wounded.
The death yak gores you but does no damage.
You hit the death yak but do no damage.
The death yak is moderately wounded.
You block the death yak's attack.
You hit the death yak.
The death yak is heavily wounded.
You hit the death yak but do no damage.
The death yak is heavily wounded.
The death yak gores you!!
* * * LOW HITPOINT WARNING * * *
You hit the death yak.
The death yak is heavily wounded.
The death yak gores you.
You die...

{
{▓.▓.▓
▓.▓.▓.▓
{
▓.▓.▓[▓
▓.▓.▓[▓
{
▓.▓.▓.▓
{
▓.▓.▓)▓
{
▓Y▓.▓?▓
{
▓Y▓.▓.▓
{
▓@▓.▓'▓
▓[▓.▓_▓
{
▓.▓.▓_▓
{
▓.▓.▓_▓
{
▓.▓.▓_▓
{
▓.▓.▓_▓
{
▓.▓.▓_▓
{
▓.▓.▓_▓
{
▓.▓.▓_▓


You could see a death yak and a yak.

Vanquished Creatures
  A hydra (D)
  A centaur warrior (D)
  4 death yaks (D)
  A two-headed ogre (D)
  A cyclops (D)
  2 black mambas (D)
  A cane toad (D)
  2 komodo dragons (D)
  A rime drake (D)
  A jumping spider (shapeshifter) (D)
  A troll (D)
  A blink frog (D)
  A wraith (D)
  A shadow (D)
  2 yaks (D)
  3 basilisks (D)
  2 wyverns (D)
  2 water moccasins (D)
  An orc warrior (D)
  A black bear (D)
  A centaur (D)
  4 bullfrogs (D)
  2 howler monkeys (D)
  An adder (D)
  A white imp (D)
  An ufetubus (D)
  2 bats (D)
  A bat skeleton (D)
  An endoplasm (D)
  2 frilled lizards (D)
46 creatures vanquished.

Notes
Turn   | Place    | Note
-------+----------+-------------------------------------------
     0 | D        | mhtbhm the Formicid Fighter began the quest for the Orb.
     0 | D        | Reached XP level 1. HP: 18/18 MP: 1/1
    19 | D        | Noticed a black bear
    31 | D        | Reached XP level 2. HP: 17/25 MP: 2/2
    41 | D        | Reached skill level 5 in Shields
    41 | D        | Reached XP level 3. HP: 17/31 MP: 3/3
    44 | D        | Reached skill level 3 in Maces & Flails
    51 | D        | Killed a black bear
    52 | D        | Reached skill level 5 in Fighting
    52 | D        | Reached skill level 4 in Maces & Flails
    52 | D        | Reached skill level 1 in Dodging
    52 | D        | Reached XP level 4. HP: 9/40 MP: 4/4
    52 | D        | Reached XP level 5. HP: 11/46 MP: 5/5
   264 | D        | Found a snail-covered altar of Cheibriados.
   264 | D        | Found a shadowy altar of Dithmenos.
   264 | D        | Found a white marble altar of Elyvilon.
   264 | D        | Found a blossoming altar of Fedhas.
   264 | D        | Found an opulent altar of Gozag.
   265 | D        | Found a hazy altar of Hepliaklqana.
   266 | D        | Found a viscous altar of Jiyva.
   267 | D        | Found an ancient bone altar of Kikubaaqudgha.
   268 | D        | Found a corrupted altar of Lugonu.
   269 | D        | Found a burning altar of Makhleb.
   270 | D        | Found a sparkling altar of Nemelex Xobeh.
   271 | D        | Found an iron altar of Okawaru.
   272 | D        | Found a stormy altar of Qazlal.
   273 | D        | Found a sacrificial altar of Ru.
   274 | D        | Found a shimmering blue altar of Sif Muna.
   275 | D        | Found a bloodstained altar of Trog.
   276 | D        | Found a hide-covered altar of Uskayaw.
   277 | D        | Found a radiant altar of Vehumet.
   278 | D        | Found an ornate altar of the Wu Jian Council.
   279 | D        | Became a worshipper of Warmaster Okawaru
   280 | D        | Found a shimmering altar of Xom.
   281 | D        | Found a basalt altar of Yredelemnul.
   282 | D        | Found a glowing silver altar of Zin.
   283 | D        | Found a glowing golden altar of the Shining One.
   292 | D        | Found the +7 captain's cutlass {speed, disarm}
   334 | D        | Noticed an orc warrior
   334 | D        | Noticed a troll
   334 | D        | Noticed a wraith
   334 | D        | Noticed a two-headed ogre
   334 | D        | Noticed a wyvern
   334 | D        | Noticed a centaur
   338 | D        | Killed a centaur
   339 | D        | Reached skill level 5 in Maces & Flails
   339 | D        | Reached XP level 6. HP: 33/52 MP: 6/6
   343 | D        | Killed a wyvern
   344 | D        | Reached skill level 7 in Maces & Flails
   344 | D        | Reached skill level 1 in Stealth
   351 | D        | Killed a two-headed ogre
   351 | D        | Reached * piety under Okawaru
   351 | D        | Reached ** piety under Okawaru
   352 | D        | Reached skill level 9 in Maces & Flails
   352 | D        | Reached XP level 7. HP: 25/61 MP: 7/7
   352 | D        | Reached XP level 8. HP: 28/68 MP: 8/8
   355 | D        | Killed a wraith
   356 | D        | Reached skill level 10 in Maces & Flails
   359 | D        | Killed a troll
   579 | D        | Noticed a cyclops
   579 | D        | Noticed a shadow
   579 | D        | Noticed a centaur warrior
   579 | D        | Noticed a jumping spider
   581 | D        | Killed a jumping spider
   581 | D        | Reached *** piety under Okawaru
   582 | D        | Reached skill level 11 in Maces & Flails
   582 | D        | Reached skill level 5 in Stealth
   582 | D        | Reached XP level 9. HP: 61/75 MP: 9/9
   587 | D        | Killed a centaur warrior
   591 | D        | Reached skill level 12 in Maces & Flails
   591 | D        | Reached skill level 10 in Armour
   591 | D        | Reached skill level 5 in Dodging
   594 | D        | Killed a cyclops
   594 | D        | Reached **** piety under Okawaru
   595 | D        | Reached XP level 10. HP: 67/83 MP: 10/10
   774 | D        | Noticed a rime drake
   774 | D        | Noticed a black mamba
   774 | D        | Noticed a cane toad
   774 | D        | Noticed a seven-headed hydra
   781 | D        | Killed a seven-headed hydra
   782 | D        | Reached skill level 13 in Maces & Flails
   783 | D        | Killed a cane toad
   784 | D        | Reached skill level 10 in Fighting
   785 | D        | Killed a black mamba
   786 | D        | Killed a rime drake
   786 | D        | Noticed a black mamba
   808 | D        | Killed a black mamba
   808 | D        | Reached ***** piety under Okawaru
   809 | D        | Reached skill level 14 in Maces & Flails
  1064 | D        | Noticed a komodo dragon
  1074 | D        | Noticed a komodo dragon
  1076 | D        | Reached skill level 1 in Invocations
  1087 | D        | Killed a komodo dragon
  1088 | D        | Reached XP level 11. HP: 92/92 MP: 11/11
  1094 | D        | Reached skill level 15 in Shields
  1292 | D        | Noticed a death yak
  1292 | D        | Noticed a death yak
  1292 | D        | Noticed a death yak
  1294 | D        | Noticed a death yak
  1302 | D        | Killed a death yak
  1302 | D        | Received a gift from Okawaru
  1303 | D        | Reached skill level 15 in Maces & Flails
  1306 | D        | Noticed a death yak
  1312 | D        | Killed a death yak
  1328 | D        | Killed a death yak
  1343 | D        | Killed a death yak
  1344 | D        | Reached skill level 16 in Maces & Flails
  1351 | D        | HP: 2/95 [death yak (19)]
  1352 | D        | Slain by a death yak

Illustrated notes

Levels and vault maps discovered:
D:        linesprint [early_d, line_temple, items_1, d_10, items_2, lair_1,
          lair_end, items_3, orc_1, orc_end, items_4, d_15, swamp_1, shoals_1,
          snake_1, spider_1, d_20, vaults_1, items_5, swamp_end, shoals_end,
          snake_end, spider_end, vaults_end, d_27, items_6, zot_1, zot_end,
          crypt_end, forest_end, elf_end, slime_end, tomb_end, abyss_end,
          pan_hell_end]

Skill      XL: |  1  2  3  4  5  6  7  8  9 10 11 |
---------------+----------------------------------+-----
Shields        | 4 5 7 8 11 12 13 14 15 | 15.8
Fighting       | 4 5 6 7 8 9 10 11 | 11.8
Armour         | 4 6 8 9 10 11 12 | 12.5
Maces & Flails | 4 5 9 11 12 14 16 | 16.0
Dodging        | 1 2 4 5 |  5.5
Stealth        | 4 5 6 7 |  7.7
Invocations    | 1 |  1.1

Action                   |  1- 3 |  4- 6 |  7- 9 | 10-12 || total
-------------------------+-------+-------+-------+-------++-------
Melee: Flail             |    41 |     3 |       |       ||    44
       Morningstar       |       |    13 |    24 |   164 ||   201
Invok: Heroism           |       |       |       |     1 ||     1
  Use: Potion            |       |     3 |     1 |     2 ||     6
 Stab: Invisible         |       |     3 |       |       ||     3
Armor: Scale mail        |    31 |     4 |       |       ||    35
       Plate armour      |       |     8 |     9 |    40 ||    57
Dodge: Dodged            |    28 |     8 |     2 |    31 ||    69
Block: Kite shield       |    40 |    15 |    21 |    68 ||   144

Table legend: (Time is in decaauts)
 A = Elapsed time spent in this place.
 B = Non-inter-level travel time spent in this place.
 C = Inter-level travel time spent in this place.
 D = Time resting spent in this place.
 E = Time spent auto-exploring this place.
 F = Levels seen in this place.
 G = Mean time per level.
                   A        B        C        D        E       F      G
               +--------+--------+--------+--------+--------+-----+--------+
         Total |   1331 |   1331 |      0 |    793 |     66 |   1 | 1331.0 |
       Dungeon |   1331 |   1331 |      0 |    793 |     66 |   1 | 1331.0 |
               +--------+--------+--------+--------+--------+-----+--------+

Top non-repeatable levels by time:
       D: 1331 daAuts
